 Dungeon Crawl Stone Soup version 0.27.1-33-g824d729ab1 (webtiles) character file.

Game seed: 8449968225854944919

15867 KamiKatze the Destroyer (level 11, -8/74 HPs)
             Began as a Demigod Conjurer on Dec 26, 2021.
             Mangled by Jorgrun (11 damage)
             ... while petrified by Jorgrun
             ... on level 12 of the Dungeon.
             The game lasted 01:11:05 (13471 turns).

KamiKatze the Destroyer (Demigod Conjurer)         Turns: 13471, Time: 01:11:06

Health: -8/74      AC: 11    Str:  8    XL:     11   Next: 74%
Magic:  19/27      EV: -1    Int: 32    God:
Gold:   871        SH:  0    Dex: 12    Spells: 16/27 levels left

rFire    . . .     SeeInvis .   a - +0 quick blade
rCold    . . .     Faith    .   (no shield)
rNeg     + + +     Spirit   .   M - +2 leather armour {Will+}
rPois    ∞         Reflect  .   r - +0 helmet
rElec    .         Harm     .   (no cloak)
rCorr    .         Rampage  .   F - +0 pair of gloves
Will     ++...                  (no boots)
Stlth    ++........             C - amulet of magic regeneration
HPRegen  0.22/turn              x - ring of poison resistance
MPRegen  0.45/turn              b - +4 ring of protection

@: petrified, grasped by roots, constricted
A: high mp 1, forlorn
a: no special abilities


You were on level 12 of the Dungeon.
You visited 2 branches of the dungeon, and saw 13 of its levels.

You collected 871 gold pieces.

Inventory:

Hand Weapons
 a - a +0 quick blade (weapon)
Missiles
 i - 321 stones
 p - 69 poisoned darts (quivered)
 w - 5 atropa-tipped darts
 S - 2 curare-tipped darts
 U - 2 throwing nets
Armour
 d - a +0 robe
 g - a +0 buckler
 m - a +0 leather armour
 r - a +0 helmet (worn)
 F - a +0 pair of gloves (worn)
 K - a +0 ring mail of fire resistance
 M - a +2 leather armour of willpower (worn)
 P - a +1 robe of willpower
Jewellery
 b - a +4 ring of protection (right hand)
 j - a ring of ice
 l - a +4 ring of slaying
 x - a ring of poison resistance (left hand)
 C - an amulet of magic regeneration (around neck)
 N - a ring of flight
 Q - a +6 ring of dexterity
Wands
 o - a wand of polymorph (9)
 s - a wand of mindburst (40)
 H - a wand of iceblast (11)
 L - a wand of acid (9)
Scrolls
 f - 3 scrolls of fear
 h - 4 scrolls of amnesia
 n - a scroll of immolation {unknown}
 u - 2 scrolls of enchant weapon {unknown}
 y - 4 scrolls of torment {unknown}
 z - 5 scrolls of teleportation
 A - a scroll of blinking {unknown}
 B - 2 scrolls of magic mapping {unknown}
 I - 2 scrolls of vulnerability {unknown}
 J - 3 scrolls of fog {unknown}
 R - a scroll of acquirement {unknown}
 T - a scroll of noise {unknown}
 V - a scroll of summoning {unknown}
Potions
 c - 7 potions of heal wounds
 e - a potion of ambrosia
 k - 4 potions of curing
 q - 2 potions of flight
 t - a potion of berserk rage {unknown}
 v - 4 potions of brilliance
 D - 2 potions of lignification
 E - 2 potions of haste
 G - a potion of might {unknown}
 O - a potion of invisibility
Miscellaneous
 W - a phantom mirror


   Skills:
 - Level 3.0 Dodging
 - Level 3.0 Stealth
 * Level 8.5 Spellcasting
 * Level 9.7 Conjurations
 * Level 8.4 Hexes
 * Level 8.2 Translocations
 * Level 4.2 Earth Magic


You had 16 spell levels left.
You knew the following spells:

 Your Spells              Type           Power      Damage    Failure   Level
a - Magic Dart            Conj           100%       1d8       1%          1
b - Searing Ray           Conj           100%       3d7       1%          2
c - Fulminant Prism       Conj/Hex       32%        3d16      1%          4
d - Iskenderun's Mystic   Conj/Tloc      63%        2d13      1%          4

Your spell library contained the following spells:

 Spells                   Type           Power      Damage    Failure   Level
 Dazzling Flash           Conj/Hex       100%       N/A       1%          3
 Portal Projectile        Hex/Tloc       100%       N/A       1%          3
 Stone Arrow              Conj/Erth      100%       3d13      1%          3
 Passwall                 Tmut/Erth      22%        N/A       3%          2
 Leda's Liquefaction      Hex/Erth       26%        N/A       3%          4
 Call Canine Familiar     Summ           13%        N/A       16%         3
 Swiftness                Air            13%        N/A       16%         3
 Bolt of Magma            Conj/Fire/Erth 21%        4d11      22%         5
 Invisibility             Hex            30%        N/A       24%         6
 Summon Mana Viper        Hex/Summ       40%        N/A       26%         5
 Summon Ice Beast         Ice/Summ       13%        N/A       45%         4
 Monstrous Menagerie      Summ           6%         N/A       100%        7
 Shatter                  Erth           20%        3d18*     100%        9


Dungeon Overview and Level Annotations

Branches:
Dungeon (12/15)            Temple (1/1) D:7            Lair (0/6) D:9
    Orc: D:9-12

Shops:
D:9 [   D:10 (

Annotations:
D:4 3 runed translucent doors, exclusion: 3 doors, hitsuchi's ghost, novice PaAK
D:5 fly?
D:8 2 transporters, brob1's ghost, journeyman DjFE
D:12 Jorgrun


Innate Abilities, Weirdness & Mutations

Your attributes grow dramatically as you level up.
You have an increased reservoir of magic. (+10% MP)
You shall have no god before yourself.


Message History

You escape the roots' grasp.
Your fulminant prism explodes!
The blast of energy engulfs Jorgrun!!
Jorgrun is moderately wounded.
Jorgrun gestures at you while chanting.
You are slowing down.
Casting: Fulminant Prism (dangerous; 1% risk of failure)
Confirm with . or Enter, or press ? or * to list all spells.
Aiming: Fulminant Prism (dangerous; 1% risk of failure)
Press: ? - help, Dir - move target, f - Jorgrun
Aim: Jorgrun, wielding a +0 vorpal quarterstaff and wearing a +0 robe (moderately wounded)
Okay, then.
Casting: Fulminant Prism (dangerous; 1% risk of failure)
Confirm with . or Enter, or press ? or * to list all spells.
Aiming: Searing Ray (safe; 1% risk of failure)
Press: ? - help, Shift-Dir - straight line, f - Jorgrun
Aim: Jorgrun, wielding a +0 vorpal quarterstaff and wearing a +0 robe (moderately wounded, 72% to hit)
The searing ray hits Jorgrun!
Jorgrun is moderately wounded. (Press . to maintain the ray.) Jorgrun gestures at you while chanting.
Roots burst forth from the earth!
The grasping roots grab you! The grasping roots constrict you!!
Your limbs are stiffening.
The searing ray hits Jorgrun!
Jorgrun is moderately wounded.
Jorgrun points at the rock wall and mumbles some strange words.
Some rock shatters into small pieces.
The grasping roots constrict you!
Jorgrun points at you and mumbles some strange words.
You shatter!!
* * * LOW HITPOINT WARNING * * *
The grasping roots constrict you!
* * * LOW HITPOINT WARNING * * *
You have turned to stone.
The grasping roots constrict you!
* * * LOW HITPOINT WARNING * * *
The grasping roots constrict you!
* * * LOW HITPOINT WARNING * * *
Jorgrun hits you with a +0 vorpal quarterstaff!!
You die...

.......'.##......#
.......#..#......#
.......##.'......#
.......####......#
....<..# #......#
.......# #......#
.......# ##'.####
.......# #....###
###+#### ####.@.##
##g..# ##..# #.#
#'# .........#
.........#
.........#
.........#


You could see Jorgrun.

Vanquished Creatures
  Erica (D:9)
  3 two-headed ogres
  Sonja (D:11)
  A cyclops (D:11)
  A manticore (D:11)
  Joseph (D:7)
  5 centaur zombies
  An unseen horror (D:9)
  2 trolls
  A hornet (D:9)
  Prince Ribbit (D:8)
  Sigmund (D:4)
  10 yaks (D:11)
  3 wyverns
  A wraith (D:9)
  Grum (D:8)
  3 basilisks (D:9)
  2 vampire mosquitoes (D:11)
  An acid dragon (D:10)
  6 water moccasins
  An ice beast (D:8)
  12 orc warriors
  2 sky beasts
  2 black bears (D:9)
  A necrophage (D:4)
  2 ogres (D:4)
  4 wolves
  4 centaurs
  3 bullfrogs
  2 scorpions
  A water moccasin skeleton (D:7)
  7 killer bees (D:9)
  18 wights
  6 howler monkeys
  An electric eel (D:11)
  A crimson imp (D:8)
  4 hounds
  10 orc priests
  3 jellies
  2 centaur skeletons
  A bullfrog skeleton (D:5)
  2 gnoll shamans
  4 iguanas
  9 orc wizards
  Natasha (thrice) (D:2)
  A killer bee zombie (D:6)
  A hound skeleton (D:4)
  Robin (D:3)
  16 gnolls
  8 adders
  A shadow imp (D:8)
  2 white imps (D:8)
  2 adder skeletons
  2 worms
  4 dart slugs
  44 orcs
  5 ball pythons
  2 bats
  7 endoplasms
  4 giant cockroaches
  53 goblins
  30 hobgoblins
  4 quokkas
  3 training dummies (D:10)
  2 frilled lizards (D:2)
  8 kobolds
  3 rats
354 creatures vanquished.

Vanquished Creatures (others)
  83 fulminant prisms
  3 fungi (D:9)
  23 plants
109 creatures vanquished.

Grand Total: 463 creatures vanquished

Notes
Turn   | Place    | Note
-------+----------+-------------------------------------------
     0 | D:1      | KamiKatze the Demigod Conjurer began the quest for the Orb.
     0 | D:1      | Reached XP level 1. HP: 14/14 MP: 5/5
   313 | D:1      | Reached XP level 2. HP: 20/20 MP: 1/7
   316 | D:1      | Learned a level 2 spell: Searing Ray
   926 | D:2      | Noticed Natasha
   930 | D:2      | Killed Natasha
   931 | D:2      | Reached skill level 4 in Conjurations
   931 | D:2      | Reached XP level 3. HP: 26/26 MP: 2/9
  1911 | D:2      | Reached XP level 4. HP: 33/33 MP: 6/10
  2199 | D:2      | Noticed Natasha
  2203 | D:2      | Killed Natasha
  2292 | D:2      | Noticed Natasha
  2296 | D:2      | Killed Natasha
  2807 | D:3      | Learned a level 4 spell: Fulminant Prism
  3304 | D:3      | Reached XP level 5. HP: 38/38 MP: 9/12
  3304 | D:3      | Noticed Robin
  3474 | D:3      | Killed Robin
  4209 | D:3      | Reached skill level 1 in Hexes
  4220 | D:3      | Reached XP level 6. HP: 25/45 MP: 6/14
  4604 | D:4      | Learned a level 4 spell: Iskenderun's Mystic Blast
  4665 | D:4      | Found a runed translucent gate.
  4665 | D:4      | Found a runed translucent gate.
  4665 | D:4      | Found a runed translucent gate.
  4703 | D:4      | Noticed Sigmund
  4792 | D:4      | Killed Sigmund
  4793 | D:4      | Reached skill level 5 in Conjurations
  4793 | D:4      | Reached skill level 1 in Translocations
  4799 | D:4      | Noticed hitsuchi's ghost (novice PaAK)
  4812 | D:4      | Noticed a water moccasin
  4824 | D:4      | Killed a water moccasin
  4825 | D:4      | Reached XP level 7. HP: 23/50 MP: 3/16
  5666 | D:5      | Entered Level 5 of the Dungeon
  5877 | D:5      | Reached skill level 6 in Conjurations
  5877 | D:5      | Reached XP level 8. HP: 52/57 MP: 10/18
  6420 | D:5      | Reached skill level 5 in Spellcasting
  7459 | D:7      | Reached XP level 9. HP: 51/62 MP: 17/21
  7634 | D:7      | Noticed Joseph
  7686 | D:7      | Reached skill level 7 in Conjurations
  7726 | D:7      | Killed Joseph
  7727 | D:7      | Reached skill level 5 in Hexes
  7727 | D:7      | Reached skill level 5 in Translocations
  8023 | D:7      | Found a staircase to the Ecumenical Temple.
  8029 | Temple   | Entered the Ecumenical Temple
  8330 | D:8      | Noticed Prince Ribbit
  8622 | D:8      | Killed Prince Ribbit
  9272 | D:8      | Found a transporter.
  9286 | D:8      | Noticed brob1's ghost (journeyman DjFE)
  9318 | D:8      | Found a transporter.
  9372 | D:8      | Noticed Grum
  9376 | D:8      | Killed Grum
  9695 | D:9      | Reached skill level 8 in Conjurations
  9695 | D:9      | Reached XP level 10. HP: 60/69 MP: 19/24
  9695 | D:9      | Noticed Erica
  9705 | D:9      | Killed Erica
 10180 | D:9      | Found a staircase to the Lair.
 10454 | D:9      | Reached skill level 1 in Earth Magic
 10608 | D:9      | Found Ubapul's Armour Emporium.
 11142 | D:9      | Noticed a two-headed ogre
 11150 | D:9      | Killed a two-headed ogre
 11297 | D:10     | Entered Level 10 of the Dungeon
 11328 | D:10     | Reached skill level 9 in Conjurations
 11328 | D:10     | Reached XP level 11. HP: 46/74 MP: 3/26
 11428 | D:10     | Noticed a two-headed ogre
 11436 | D:10     | Killed a two-headed ogre
 11769 | D:10     | Found Gasek's Firing Range.
 12708 | D:11     | Noticed Sonja
 12711 | D:11     | Killed Sonja
 13102 | D:11     | Noticed a two-headed ogre
 13108 | D:11     | Killed a two-headed ogre
 13456 | D:12     | Noticed Jorgrun
 13470 | D:12     | HP: 3/74 [constriction (4)]
 13471 | D:12     | Mangled by Jorgrun

Illustrated notes

Levels and vault maps discovered:
D:1:      nzn_arrival_settlement, layout_rooms, serial_aquarium,
          aquarium_bridge_island_small [aquarium_subvault_small_open,
          aquarium_subvault_window, aquarium_subvault_balcony,
          aquarium_subvault_bridge, aquarium_subvault_window],
          aquarium_window_fake, aquarium_window_1, aquarium_window_1,
          aquarium_view_2e, aquarium_view_2e
D:2:      layout_loops_corners, shapermc_ecumenical_altar_venn, uniq_natasha
D:3:      minmay_goblin_kobold_castle, layout_basic, uniq_robin
D:4:      minmay_general_purpose_star, layout_basic, gammafunk_ghost_icy,
          uniq_sigmund
D:5:      layout_rooms, lemuel_another_geyser
D:6:      layout_rooms
D:7:      layout_basic, minmay_temple_entry_fiery, uniq_joseph
D:8:      layout_basic, gammafunk_ghost_stat_death, hangedman_decor_lopped,
          chequers_serial_rivers_marsh, hangedman_decor_growths,
          kennysheep_nondescript, minmay_fire_ice_demons, uniq_grum,
          uniq_prince_ribbit1
D:9:      layout_stronghold, minmay_lair_entry_grove, serial_shops, shop,
          st_stairs_14, eino_jars, uniq_erica
D:10:     layout_cave_pools, mainiacjoe_overflow_big_doors, serial_bayou_ford_a,
          grunt_ogre_cave, nicolae_shop_firing_range
D:11:     layout_basic, special_room [special_room_orc], serial_bayou_pond_a,
          fedhas_altar_3, uniq_sonja
D:12:     layout_roguey, minmay_orc_entry_guard_dogs, uniq_jorgrun
Temple:   regret_index_temple_chain_breaker

Skill      XL: |  1  2  3  4  5  6  7  8  9 10 11 |
---------------+----------------------------------+-----
Spellcasting   | 2 3 4 5 6 7 8 |  8.5
Stealth        | 2 3 |  3.0
Dodging        | 2 3 |  3.0
Conjurations   | 4 5 6 8 9 |  9.7
Hexes          | 1 2 3 4 6 7 8 |  8.4
Translocations | 1 3 4 6 7 8 |  8.2
Earth Magic    | 2 4 |  4.2

Action                   |  1- 3 |  4- 6 |  7- 9 | 10-12 || total
-------------------------+-------+-------+-------+-------++-------
Melee: Dagger            |     6 |     7 |       |       ||    13
       Quick blade       |       |   137 |    54 |    13 ||   204
Throw: Dart              |       |       |     2 |       ||     2
 Cast: Magic Dart        |    38 |    84 |    75 |     1 ||   198
       Searing Ray       |     9 |    17 |    56 |    30 ||   112
       Iskenderun's Myst |       |       |    12 |    37 ||    49
       Fulminant Prism   |       |       |     8 |    75 ||    83
Evoke: Wand              |       |       |       |     4 ||     4
  Use: Scroll            |       |       |       |    10 ||    10
 Stab: Distracted        |       |       |     1 |       ||     1
       Sleeping          |       |       |     1 |       ||     1
Armor: Robe              |     5 |    53 |    32 |       ||    90
       Leather armour    |       |       |       |    60 ||    60
Dodge: Dodged            |     7 |    75 |    51 |    49 ||   182
